 Dungeon Crawl Stone Soup version 0.28.0 (webtiles) character file.

Game seed: 7314252782568061151

393386 browni3141 the Hoplite (level 21, -9/202 HPs)
             Began as a Minotaur Berserker on Feb 10, 2022.
             Was an Elder of Trog.
             Mangled by a Killer Klown (24 damage)
             ... on level 5 of the Realm of Zot.
             The game lasted 01:02:33 (52828 turns).

browni3141 the Hoplite (Minotaur Berserker)        Turns: 52828, Time: 01:02:33

Health: -9/202     AC: 30    Str: 30      XL:     21   Next: 80%
Magic:  20/20      EV:  8    Int:  3 (4)  God:    Trog [****..]
Gold:   2226       SH:  0    Dex: 17      Spells: 20/20 levels left

rFire   + + .      SeeInvis .   Y - +7 broad axe (flame)
rCold   + + .      Faith    .   u - +7 tower shield
rNeg    + . .      Spirit   .   Z - +0 gold dragon scales
rPois   +          Reflect  .   U - +2 hat
rElec   .          Harm     .   O - scarf {rC+ rF+}
rCorr   +          Rampage  .   B - +0 pair of gloves
Will    +....                   J - +2 pair of boots
Stlth   ..........              T - amulet of the acrobat
HPRegen 1.23/turn               f - ring of resist corrosion
MPRegen 0.17/turn               I - ring "Rallahaz" {rPois rN+ Str+6 Stlth+}

@: marked, on berserk cooldown, held, slowed, studying Staves, very slow
A: horns 2, retaliatory headbutt, clumsy 1, deterioration 1, regeneration 1
}: 3/15 runes: serpentine, barnacled, slimy
a: Renounce Religion, Berserk, Trog's Hand, Brothers in Arms


You were on level 5 of the Realm of Zot.
You worshipped Trog.
Trog was greatly pleased with you.
You visited 7 branches of the dungeon, and saw 43 of its levels.
You also visited: Volcano.

You collected 3151 gold pieces.
You spent 925 gold pieces at shops.

Inventory:

Hand Weapons
 b - a +3 antimagic broad axe
 Y - a +7 broad axe of flaming (weapon)
Missiles
 a - 9 throwing nets
 o - 14 javelins (quivered)
 F - 3 curare-tipped darts
Armour
 u - a +7 tower shield (worn)
 B - a +0 pair of gloves (worn)
 J - a +2 pair of boots (worn)
 O - a scarf of resistance (worn)
 U - a +2 hat (worn)
 Z - +0 gold dragon scales (worn)
Jewellery
 f - a ring of resist corrosion (left hand)
 r - a ring of protection from fire
 D - a ring of ice
 I - the ring "Rallahaz" (right hand) {rPois rN+ Str+6 Stlth+}
   (You found it on level 5 of the Pits of Slime)

   [ring of strength]

   Str:       It affects your strength (+6).
   rPois:     It protects you from poison.
   rN:        It protects you from negative energy.
   Stlth:     It makes you more stealthy.
 R - a ring of flight
 T - an amulet of the acrobat (around neck)
Wands
 k - a wand of flame (29)
 w - a wand of charming (8)
 A - a wand of acid (7)
 C - a wand of mindburst (21)
 L - a wand of digging (1)
 M - a wand of paralysis (4)
 Q - a wand of iceblast (3)
Scrolls
 c - 5 scrolls of immolation
 d - 3 scrolls of identify
 g - 2 scrolls of holy word
 h - 8 scrolls of fog
 m - a scroll of fear
 p - 9 scrolls of magic mapping
 v - 8 scrolls of vulnerability
 x - a scroll of silence
 E - 5 scrolls of noise
 H - 7 scrolls of teleportation
 S - 2 scrolls of torment
Potions
 e - 3 potions of lignification
 j - 4 potions of berserk rage
 l - 3 potions of degeneration
 n - 4 potions of mutation
 q - 4 potions of curing
 s - 2 potions of flight
 y - 7 potions of ambrosia
 z - 3 potions of attraction
 G - a potion of invisibility
 V - 2 potions of resistance
 W - 2 potions of might
 X - 4 potions of magic {unknown}
Miscellaneous
 t - a tin of tremorstones (2/2)
 K - a condenser vane
 N - a phantom mirror
 P - a lightning rod (4/4)


   Skills:
 * Level 20.6 Fighting
 + Level 21.8 Axes
 * Level 20.4 Armour
 + Level 17.5 Dodging
 * Level 25.3 Shields
 - Level 10.0 Evocations


You had 20 spell levels left.
You didn't know any spells.
Your spell library was empty.

Dungeon Overview and Level Annotations

Branches:
Dungeon (15/15)            Temple (0/1) D:7            Lair (6/6) D:9
 Shoals (4/4) Lair:4        Snake (4/4) Lair:4        Slime (5/5) Lair:5
    Orc (0/2) D:12         Vaults (0/5) D:14         Depths (4/4) D:15
    Zot (5/5) Depths:4    Volcano (visited)

Altars:
Dithmenos
Elyvilon
Fedhas
Hepliaklqana
Okawaru
Ru
Sif Muna
Trog
Uskayaw
Vehumet
Wu Jian
Yredelemnul
Zin
The Shining One
Jiyva

Shops:
D:3 (*[[   D:4 *   D:5 [   D:9 ?   D:10 [   D:13 =   Shoals:2 (:   Depths:2 *

Portals:
Hell: Depths:2 Depths:4
Pandemonium: Depths:2

Annotations:
D:7 2 transporters, Jase's ghost, novice TrMo
Lair:1 2 transporters, browni3141's ghost, journeyman MiBe
Shoals:2 Ilsuiw
Depths:1 1 runed translucent door, Barug's ghost, adept TrMo
Zot:5 3 runed translucent doors, Muataran's ghost, veteran MiMo


Innate Abilities, Weirdness & Mutations

You have a pair of horns on your head.
You reflexively headbutt those who attack you in melee.
You are clumsy. (Dex -2)
Your body sometimes deteriorates upon taking damage.
Your natural rate of healing is unusually fast.


Message History

The Orb Guardian is almost dead.
You hit the Orb Guardian. You burn the Orb Guardian.
You block the Orb Guardian's attack.
An Orb Guardian comes into view.
You block the Orb Guardian's attack.
You hit the Orb Guardian but do no damage.
You headbutt the Orb Guardian!
The Orb Guardian is moderately wounded.
You closely miss the Orb Guardian. The Orb Guardian hits you.
* * * LOW HITPOINT WARNING * * *
The Orb Guardian drops a net on you.
You become entangled in the net!
The Orb Guardian hits you!
* * * LOW HITPOINT WARNING * * *
You struggle against the net.
The Orb Guardian hits you but does no damage.
The Orb Guardian hits you!!
* * * LOW HITPOINT WARNING * * *
You struggle against the net.
You feel a strong urge to attack something.
The Killer Klown blinks!
The Orb Guardian hits you but does no damage.
The Orb Guardian hits you!
* * * LOW HITPOINT WARNING * * *
You struggle against the net.
You are no longer berserk.
You are exhausted.
You feel yourself slow down. The Orb Guardian closely misses you.
The Orb Guardian hits you but does no damage.
You struggle against the net.
The Killer Klown skips for a moment.
The Orb Guardian hits you but does no damage.
The Orb Guardian hits you!!
* * * LOW HITPOINT WARNING * * *
The Orb Guardian closely misses you.
The Orb Guardian hits you but does no damage.
Unknown command.
Unknown command.
You feel better.
The Killer Klown hits you with a +8 club of venom!!
You die...

......▓▓▓▓ .....)....▓▓▓
.............▓▓
.................▓
.......^..........▓
...................▓ .
................pX.▓....
....^...........@X...d..
.........^..[..X...▓....
...................▓ .
...................▓
..........^........#
..................##
................▓##
.............▓▓▓▓
....##▓▓▓▓▓▓▓▓▓▓▓#


You could see a Killer Klown, a white draconian and 3 Orb Guardians.

Vanquished Creatures
  the Royal Jelly (Slime:5)
  A dread lich (Zot:4)
  An ancient lich (Zot:5)
  2 orbs of fire
  3 Killer Klowns (Zot:5)
  Vashnia (Snake:4)
  2 curse toes
  8 golden dragons
  3 bone dragons (Depths:4)
  3 electric golems
  Jorgrun (D:12)
  3 tentacled monstrosities
  Rupert (D:14)
  22 Orb Guardians
  A titan (Depths:2)
  5 quicksilver dragons
  15 acid blobs
  Gastronok (D:12)
  A sphinx (Depths:3)
  11 death cobs
  9 storm dragons
  Agnes (Snake:4)
  2 tengu reavers
  2 fire giants
  6 rockslimes
  4 shadow dragons
  5 azure jellies (Slime:5)
  8 draconian monks
  3 nagarajas
  3 draconian knights
  Roxanne (D:15)
  5 ghost moths
  2 iron dragons
  5 frost giants
  Louise (D:15)
  A balrug (Depths:4)
  4 draconian shifters
  5 draconian scorchers
  2 quicksilver oozes
  5 draconian stormcallers
  13 very ugly things
  2 spriggan defenders (Depths:4)
  7 stone giants
  Nessos (D:14)
  A vampire knight (D:12)
  3 black draconians
  2 dire elephants
  7 green draconians
  A minotaur (Lair:4)
  7 yellow draconians
  8 white draconians
  Azrael (D:12)
  6 red draconians
  7 spark wasps
  6 purple draconians
  A blizzard demon (Depths:4)
  2 ettins
  Snorg (Lair:5)
  7 fire dragons
  8 merfolk javelineers
  17 merfolk impalers
  2 yaktaur captains
  7 great orbs of eyes
  3 salamander tyrants
  18 hydras
  A rakshasa (Depths:1)
  2 hell beasts
  4 naga warriors
  5 centaur warriors
  6 ice dragons
  2 alligator snapping turtles
  6 boulder beetles
  2 spriggan air magi
  6 anacondas
  5 merfolk avatars
  A death knight (D:12)
  3 deep troll earth magi
  A deep troll shaman (Depths:4)
  2 merfolk aquamancers
  2 two-headed ogres
  2 tengu warriors
  3 spriggan berserkers
  A shock serpent (Snake:4)
  Urug (Lair:5)
  6 naga sharpshooters
  3 salamander mystics
  5 hell knights (Depths:2)
  3 glowing orange brains
  5 skeletal warriors (D:15)
  4 naga ritualists (Snake:4)
  10 sea snakes
  2 iron trolls
  3 deep trolls
  A kraken simulacrum (Shoals:4)
  14 harpies
  2 lindwurms
  2 deep elf zephyrmancers
  3 orc knights
  3 deep elf pyromancers
  2 necromancers (Depths:2)
  3 fauns
  5 shining eyes
  17 manticores
  3 wolf spiders
  2 oklob plants (D:12)
  2 cyclopes
  8 mana vipers
  A manticore (shapeshifter) (D:15)
  5 ugly things
  12 moths of wrath
  13 salamanders
  8 guardian serpents
  7 merfolk sirens
  29 elephants
  Maurice (D:8)
  24 black mambas
  An eye of devastation (Slime:5)
  3 water nymphs (Shoals:4)
  14 naga magi
  5 torpor snails (Lair:6)
  14 cane toads
  Maggie (D:9)
  4 rime drakes
  An orange demon (Depths:2)
  3 unseen horrors
  A freezing wraith (D:15)
  2 tengu conjurers (D:15)
  A kobold demonologist (D:13)
  10 komodo dragons
  A hellwing (Depths:2)
  7 wind drakes
  A polar bear (shapeshifter) (D:14)
  25 merfolk
  4 tyrant leeches (Lair:6)
  6 meliai
  A queen bee (D:12)
  3 trolls
  A slime creature (shapeshifter) (Depths:4)
  3 polar bears
  28 blink frogs
  11 hornets
  60 slime creatures
  4 snapping turtles
  4 wyverns
  A wraith (D:12)
  2 shadows (D:12)
  2 fire elementals (D:12)
  6 spriggans
  46 yaks
  13 fire bats (Volcano)
  15 water elementals
  16 humans (D:14)
  10 golden eyes
  A redback (shapeshifter) (Depths:1)
  5 basilisks
  4 vampire mosquitoes (D:14)
  2 neqoxecs (Depths:2)
  31 nagas
  A two-headed ogre zombie (D:12)
  4 swamp worms (Lair:1)
  2 acid dragons (D:12)
  A floating eye (Depths:3)
  3 hell hounds
  A floating eye (shapeshifter) (D:12)
  A sky beast (D:5)
  20 water moccasins
  2 black bears
  A black bear (shapeshifter) (D:12)
  8 orc warriors
  3 ice beasts
  19 wolves
  3 ogres
  4 centaurs
  2 phantoms
  3 kobold brigands
  A wyvern zombie (D:7)
  13 bullfrogs
  4 scorpions (D:9)
  A gnoll sergeant (D:12)
  A water moccasin zombie (D:5)
  35 killer bees
  2 troll zombies (D:12)
  15 wights
  7 electric eels
  4 howler monkeys
  A bullfrog zombie (D:7)
  3 centaur zombies
  2 jellies
  2 bullfrog skeletons
  A centaur skeleton (D:6)
  2 orc priests (D:7)
  2 hounds (D:6)
  An iguana (D:5)
  6 orc wizards
  5 ogre zombies (D:12)
  A howler monkey zombie (D:5)
  3 gnolls (D:3)
  10 adders
  14 white imps
  An adder skeleton (D:4)
  3 worms
  20 orcs
  3 ball pythons (D:1)
  A bat (D:2)
  6 endoplasms
  A giant cockroach (D:4)
  5 goblins
  7 hobgoblins
  4 jackals (D:2)
  13 kobolds
  4 quokkas
  A frilled lizard (D:3)
  2 goblin skeletons (D:12)
  2 goblin zombies (D:12)
  A hobgoblin skeleton (D:12)
  3 hobgoblin zombies (D:12)
  5 orc skeletons (D:12)
  12 orc zombies (D:12)
  A quokka skeleton (D:4)
  2 rats
1245 creatures vanquished.

Vanquished Creatures (collateral kills)
  A lich (Depths:2)
  A fire giant (Depths:2)
  2 frost giants
  2 stone giants (Depths:3)
  A spark wasp (Depths:3)
  An ice dragon (Depths:3)
8 creatures vanquished.

Vanquished Creatures (others)
  A lich (Depths:2)
  A purple draconian (Zot:5)
  A hell knight (Depths:2)
  A slime creature (Slime:5)
  A naga (Snake:3)
  A quokka (Depths:2)
  A bush (Lair:6)
  142 fungi
  196 plants
  4 tentacles (Shoals:4)
349 creatures vanquished.

Grand Total: 1602 creatures vanquished

Notes
Turn   | Place    | Note
-------+----------+-------------------------------------------
     0 | D:1      | browni3141 the Minotaur Berserker began the quest for the
                  | Orb.
     0 | D:1      | Reached XP level 1. HP: 19/19 MP: 0/0
   559 | D:1      | Reached XP level 2. HP: 20/27 MP: 1/1
  1157 | D:2      | Reached XP level 3. HP: 14/33 MP: 2/2
  1602 | D:2      | Found a faded altar of an unknown god.
  1607 | D:2      | Reached ** piety under Trog
  1608 | D:2      | Reached XP level 4. HP: 38/41 MP: 3/3
  1902 | D:3      | Found Ususun's Magic Scroll Shop.
  1974 | D:3      | Bought a scroll of teleportation for 39 gold pieces
  1974 | D:3      | Bought a scroll of fog for 26 gold pieces
  2076 | D:3      | Found Wuez's General Store.
  2099 | D:3      | Found Ecamoeli's Antique Weapon Emporium.
  2115 | D:3      | Reached XP level 5. HP: 33/47 MP: 4/4
  2576 | D:3      | Found Obron's Antique Armour Shop.
  2590 | D:3      | Found Venecw's Antique Armour Shop.
  2980 | D:4      | Found a glowing golden altar of the Shining One.
  3064 | D:4      | Found Nekik's Assorted Antiques.
  3199 | D:4      | Found a sacrificial altar of Ru.
  3275 | D:4      | Found a bloodstained altar of Trog.
  3351 | D:4      | Found a blossoming altar of Fedhas.
  3353 | D:4      | Found a basalt altar of Yredelemnul.
  3355 | D:4      | You fall into a shaft and drop 1 floor!
  3355 | D:5      | Entered Level 5 of the Dungeon
  3370 | D:5      | Reached skill level 5 in Fighting
  3370 | D:5      | Reached skill level 5 in Axes
  3499 | D:5      | Reached XP level 6. HP: 56/56 MP: 5/5
  3528 | D:5      | Found Hofuza's Armour Emporium.
  3641 | D:5      | Bought a +0 kite shield for 49 gold pieces
  3657 | D:5      | Noticed a sky beast
  3665 | D:5      | Killed a sky beast
  3666 | D:5      | Reached skill level 1 in Shields
  3666 | D:5      | Reached XP level 7. HP: 62/62 MP: 6/6
  3718 | D:5      | Reached skill level 5 in Armour
  3812 | D:5      | Found an iron altar of Okawaru.
  3850 | D:5      | Reached skill level 2 in Shields
  4338 | D:6      | Reached skill level 3 in Shields
  4502 | D:6      | Reached skill level 5 in Dodging
  4505 | D:6      | Reached XP level 8. HP: 67/71 MP: 7/7
  4550 | D:6      | Reached skill level 4 in Shields
  5264 | D:7      | Reached skill level 5 in Shields
  5564 | D:7      | Found a staircase to the Ecumenical Temple.
  6008 | D:7      | Reached skill level 6 in Shields
  6266 | D:7      | Found a transporter.
  6270 | D:7      | Noticed Jase's ghost (novice TrMo)
  6271 | D:7      | Found a transporter.
  6284 | D:7      | Reached *** piety under Trog
  6285 | D:7      | Reached XP level 9. HP: 64/79 MP: 8/8
  6671 | D:7      | Found a glowing silver altar of Zin.
  7057 | D:8      | Noticed Maurice
  7100 | D:8      | Killed Maurice
  7101 | D:8      | Reached skill level 7 in Shields
  7500 | D:8      | Found a white marble altar of Elyvilon.
  8045 | D:9      | Found Seabbab's Magic Scroll Emporium.
  8048 | D:9      | Bought a scroll of fear for 49 gold pieces
  8135 | D:9      | Reached skill level 8 in Shields
  8197 | D:9      | Noticed a two-headed ogre
  8205 | D:9      | Killed a two-headed ogre
  8315 | D:9      | Reached XP level 10. HP: 90/90 MP: 9/9
  8717 | D:9      | Noticed Maggie
  8728 | D:9      | Killed Maggie
  8729 | D:9      | Reached skill level 9 in Shields
  8863 | D:9      | Found a shadowy altar of Dithmenos.
  8955 | D:9      | Found a staircase to the Lair.
  9212 | D:9      | Noticed a boulder beetle
  9222 | D:9      | Killed a boulder beetle
  9276 | D:10     | Entered Level 10 of the Dungeon
  9618 | D:10     | Reached skill level 10 in Shields
  9976 | D:10     | Found Reotom's Armour Shop.
  9984 | D:10     | Bought a +1 hat for 132 gold pieces
 10066 | D:10     | Found a radiant altar of Vehumet.
 10302 | D:10     | Found a hazy altar of Hepliaklqana.
 10509 | D:11     | Noticed a wolf spider
 10509 | D:11     | Noticed a centaur warrior
 10562 | Lair:1   | Entered Level 1 of the Lair of Beasts
 10562 | Lair:1   | Found a transporter.
 10901 | Lair:1   | Noticed browni3141's ghost (journeyman MiBe)
 11148 | Lair:1   | Reached XP level 11. HP: 90/97 MP: 10/10
 11381 | Lair:1   | Reached skill level 11 in Shields
 11961 | Lair:1   | Found a transporter.
 12254 | Lair:2   | Identified the +8 morningstar "Ruwyefo" {elec, Stlth+}
 12366 | Lair:2   | Found a dark tunnel.
 12527 | Volcano  | Entered a volcano
 12547 | Volcano  | Noticed a fire dragon
 12556 | Volcano  | Reached skill level 10 in Fighting
 12563 | Volcano  | Killed a fire dragon
 12564 | Volcano  | Reached skill level 10 in Axes
 12708 | Volcano  | Reached **** piety under Trog
 12714 | Volcano  | Reached skill level 12 in Shields
 12784 | Volcano  | Noticed a lindwurm
 12796 | Volcano  | Killed a lindwurm
 12807 | Volcano  | Reached skill level 10 in Armour
 13719 | Lair:2   | Reached XP level 12. HP: 102/108 MP: 11/11
 13833 | Lair:2   | Noticed a five-headed hydra
 13845 | Lair:2   | Killed a one-headed hydra
 14184 | Lair:2   | Noticed an eight-headed hydra
 14192 | Lair:2   | Killed a three-headed hydra
 14193 | Lair:2   | Reached skill level 13 in Shields
 14675 | Lair:3   | Noticed a six-headed hydra
 14878 | Lair:3   | Killed a two-headed hydra
 14878 | Lair:3   | Noticed a five-headed hydra
 14888 | Lair:3   | Killed a one-headed hydra
 14889 | Lair:3   | Reached skill level 10 in Dodging
 14997 | Lair:3   | Reached skill level 14 in Shields
 15629 | Lair:3   | Reached XP level 13. HP: 109/117 MP: 12/12
 15683 | Lair:3   | Noticed a dire elephant
 15694 | Lair:3   | Killed a dire elephant
 16070 | Lair:3   | Found a hide-covered altar of Uskayaw.
 16071 | Lair:3   | Found an ornate altar of the Wu Jian Council.
 16099 | Lair:3   | Reached skill level 15 in Shields
 17142 | Lair:4   | Found a staircase to the Snake Pit.
 17255 | Lair:4   | Reached ***** piety under Trog
 17569 | Lair:4   | Found a runed translucent door.
 18061 | Lair:4   | Found a staircase to the Shoals.
 18314 | Lair:4   | Noticed a minotaur
 18321 | Lair:4   | Killed a minotaur
 18322 | Lair:4   | Reached skill level 16 in Shields
 18566 | Lair:5   | Noticed Snorg
 18568 | Lair:5   | Received a gift from Trog
 18576 | Lair:5   | Killed Snorg
 18606 | Lair:5   | Noticed Urug
 18613 | Lair:5   | Killed Urug
 18614 | Lair:5   | Reached XP level 14. HP: 117/127 MP: 13/13
 18694 | Lair:5   | Found a staircase to the Slime Pits.
 18695 | Lair:5   | Found a viscous altar of Jiyva.
 19159 | Lair:6   | Entered Level 6 of the Lair of Beasts
 19564 | Lair:6   | Reached skill level 1 in Evocations
 19836 | Lair:6   | Found a runed translucent door.
 20064 | Lair:6   | Received a gift from Trog
 20487 | Lair:6   | Reached skill level 17 in Shields
 21493 | D:11     | Found a shimmering blue altar of Sif Muna.
 21891 | D:12     | Found a staircase to the Orcish Mines.
 22442 | D:12     | Identified the +6 lajatang of Jatyse Beyru {antimagic,
                  | Dex+7} (Trog gifted it to you on level 12 of the Dungeon)
 22442 | D:12     | Received a gift from Trog
 22880 | D:12     | Noticed Azrael
 22892 | D:12     | Killed Azrael
 22893 | D:12     | Reached XP level 15. HP: 137/137 MP: 14/14
 22961 | D:12     | Identified a scroll of acquirement
 22962 | D:12     | Acquired a manual of Axes
 23005 | D:12     | Found a hide-covered altar of Uskayaw.
 23155 | D:12     | Paralysed by a vampire knight for 3 turns
 23162 | D:12     | Reached skill level 5 in Evocations
 23512 | D:12     | Noticed Jorgrun
 23525 | D:12     | Killed Jorgrun
 23633 | D:12     | Noticed Gastronok
 23647 | D:12     | Killed Gastronok
 24508 | D:13     | Found Jishra's Jewellery Boutique.
 24893 | D:13     | Received a gift from Trog
 25007 | D:14     | Noticed Nessos
 25007 | D:14     | Noticed Rupert
 25007 | D:14     | Found a gate to the Vaults.
 25237 | D:14     | Killed Nessos
 25607 | D:14     | Reached skill level 18 in Shields
 25651 | D:14     | Killed Rupert
 26580 | D:15     | Entered Level 15 of the Dungeon
 26748 | D:15     | Found a staircase to the Depths.
 26767 | D:15     | Received a gift from Trog
 26790 | D:15     | Gained mutation: Your flesh is heat resistant. (rF+)
                  | [potion of mutation]
 26790 | D:15     | Gained mutation: You are partially covered in large bone
                  | plates. (SH +4) [potion of mutation]
 26790 | D:15     | Gained mutation: Your flesh is cold resistant. (rC+)
                  | [potion of mutation]
 26812 | D:15     | Noticed Roxanne
 26812 | D:15     | Noticed Louise
 26865 | D:15     | Killed Louise
 27615 | D:15     | Reached skill level 15 in Axes
 28058 | D:15     | Killed Roxanne
 28397 | Snake:1  | Entered Level 1 of the Snake Pit
 28462 | Snake:2  | Reached XP level 16. HP: 147/147 MP: 9/15
 29097 | Snake:3  | Reached skill level 19 in Shields
 29108 | Snake:3  | Received a gift from Trog
 29703 | Snake:4  | Entered Level 4 of the Snake Pit
 30334 | Snake:4  | Reached skill level 15 in Fighting
 30583 | Snake:4  | Noticed Agnes
 30608 | Snake:4  | Killed Agnes
 31162 | Snake:4  | Noticed Vashnia
 31221 | Snake:4  | Killed Vashnia
 31221 | Snake:4  | Received a gift from Trog
 31222 | Snake:4  | Reached skill level 15 in Armour
 31222 | Snake:4  | Reached XP level 17. HP: 136/156 MP: 16/16
 31570 | Snake:4  | Got a serpentine rune of Zot
 31827 | Shoals:1 | Entered Level 1 of the Shoals
 31997 | Shoals:2 | Reached skill level 20 in Shields
 32399 | Shoals:2 | Found Qatit's Book Shoppe.
 32433 | Shoals:2 | Found Ahunuih's Weapon Shoppe.
 32722 | Shoals:3 | Reached skill level 10 in Evocations
 32745 | Shoals:4 | Entered Level 4 of the Shoals
 33463 | Shoals:3 | HP: 2/157 [wind drake/the air (10)]
 33798 | Shoals:4 | Received a gift from Trog
 34783 | Shoals:4 | Got a barnacled rune of Zot
 34929 | Shoals:2 | Noticed Ilsuiw
 34936 | Shoals:2 | Reached ****** piety under Trog
 35110 | Shoals:2 | Reached skill level 21 in Shields
 35202 | Shoals:1 | Identified the +2 broad axe "Huory" {vorpal, rN+} (Trog
                  | gifted it to you on level 1 of the Shoals)
 35202 | Shoals:1 | Received a gift from Trog
 35461 | Depths:1 | Entered Level 1 of the Depths
 35551 | Depths:1 | Reached XP level 18. HP: 166/166 MP: 17/17
 35666 | Depths:1 | Found a runed translucent door.
 35713 | Depths:2 | Found a one-way gate leading to the halls of Pandemonium.
 36235 | Depths:2 | Found a gateway to Hell.
 36253 | Depths:2 | Reached skill level 15 in Dodging
 36579 | Depths:2 | Noticed a lich
 36584 | Depths:2 | Killed a lich
 36943 | Depths:2 | Noticed a lich
 36993 | Depths:2 | Killed a lich
 37009 | Depths:2 | Received a gift from Trog
 37303 | Depths:2 | Found Ronice's Assorted Antiques.
 37311 | Depths:2 | Bought a potion of heal wounds for 190 gold pieces
 37476 | Depths:1 | Noticed Barug's ghost (adept TrMo)
 37736 | D:3      | Bought a scroll of silence for 97 gold pieces
 37736 | D:3      | Bought a scroll of fog for 26 gold pieces
 37736 | D:3      | Bought a scroll of enchant armour for 97 gold pieces
 37736 | D:3      | Bought a scroll of teleportation for 39 gold pieces
 37736 | D:3      | Bought a scroll of teleportation for 39 gold pieces
 37736 | D:3      | Bought a scroll of magic mapping for 45 gold pieces
 37736 | D:3      | Bought a scroll of enchant armour for 97 gold pieces
 38137 | Depths:3 | Reached skill level 22 in Shields
 38365 | Depths:3 | Paralysed by a floating eye for 3 turns
 38885 | Depths:4 | Entered Level 4 of the Depths
 39054 | Depths:4 | Reached XP level 19. HP: 162/177 MP: 18/18
 39602 | Depths:4 | Noticed a bone dragon
 39614 | Depths:4 | Killed a bone dragon
 39659 | Depths:4 | Noticed a bone dragon
 39684 | Depths:4 | Killed a bone dragon
 40064 | Depths:4 | Found a gate to the Realm of Zot.
 40247 | Depths:4 | Noticed a bone dragon
 40285 | Depths:4 | Killed a bone dragon
 41625 | Slime:1  | Entered Level 1 of the Pits of Slime
 41634 | Slime:1  | Gained mutation: Your mind is acute. (Int +2) [a shining
                  | eye]
 41675 | Slime:1  | Reached skill level 23 in Shields
 43141 | Slime:4  | Received a gift from Trog
 43311 | Slime:5  | Entered Level 5 of the Pits of Slime
 43317 | Slime:5  | Gained mutation: You tend to lose your temper in combat. [a
                  | shining eye]
 43466 | Slime:5  | Found a viscous altar of Jiyva.
 43467 | Slime:5  | Noticed the Royal Jelly
 43474 | Slime:5  | Killed the Royal Jelly
 43821 | Slime:5  | Identified the ring "Rallahaz" {rPois rN+ Str+6 Stlth+}
 43838 | Slime:5  | Identified the +6 quick blade "Geruze Pama" {venom, Fragile
                  | rElec rPois rC++}
 43844 | Slime:5  | Identified the +2 scale mail of Shadows and Fog {Int+4}
 43909 | Slime:5  | Got a slimy rune of Zot
 44334 | Zot:1    | Entered Level 1 of the Realm of Zot
 44496 | Depths:4 | Reached XP level 20. HP: 155/188 MP: 19/19
 44895 | Depths:4 | Lost mutation: Your flesh is heat resistant. (rF+) [potion
                  | of mutation]
 44895 | Depths:4 | Lost mutation: Your flesh is cold resistant. (rC+) [potion
                  | of mutation]
 44895 | Depths:4 | Lost mutation: Your mind is acute. (Int +2) [potion of
                  | mutation]
 44895 | Depths:4 | Gained mutation: You have hidden genetic defects. [potion
                  | of mutation]
 44895 | Depths:4 | Lost mutation: You tend to lose your temper in combat.
                  | [potion of mutation]
 44895 | Depths:4 | Gained mutation: You are resistant to electric shocks.
                  | (rElec) [potion of mutation]
 44896 | Depths:4 | Lost mutation: You have hidden genetic defects. [potion of
                  | mutation]
 44896 | Depths:4 | Lost mutation: You are resistant to electric shocks.
                  | (rElec) [potion of mutation]
 44896 | Depths:4 | Lost mutation: You are partially covered in large bone
                  | plates. (SH +4) [potion of mutation]
 44896 | Depths:4 | Gained mutation: You have hidden genetic potential. [potion
                  | of mutation]
 44896 | Depths:4 | Gained mutation: You sometimes lose the ability to read
                  | scrolls when taking damage. [potion of mutation]
 45688 | Zot:2    | Noticed a golden dragon
 46510 | Zot:1    | Killed a golden dragon
 46691 | Zot:2    | Noticed a golden dragon
 46949 | Zot:2    | Noticed a golden dragon
 47454 | Zot:1    | Killed a golden dragon
 47511 | Zot:2    | Reached skill level 24 in Shields
 47515 | Zot:2    | Killed a golden dragon
 47530 | Zot:2    | Received a gift from Trog
 48082 | Zot:2    | Noticed a curse toe
 48108 | Zot:2    | Killed a curse toe
 48507 | Zot:3    | You fall into a shaft and drop 1 floor!
 48548 | Zot:4    | Noticed a golden dragon
 48563 | Zot:4    | Killed a golden dragon
 49116 | Zot:5    | Entered Level 5 of the Realm of Zot
 49124 | Zot:5    | Found a runed translucent gate.
 49124 | Zot:5    | Found a runed translucent gate.
 49124 | Zot:5    | Found a runed translucent gate.
 49348 | Zot:5    | Noticed an ancient lich
 49350 | Zot:5    | Noticed Muataran's ghost (veteran MiMo)
 49523 | Zot:5    | Noticed a golden dragon
 49534 | Zot:5    | Killed a golden dragon
 50649 | Zot:5    | Reached XP level 21. HP: 198/198 MP: 20/20
 50848 | Zot:5    | Lost mutation: You sometimes lose the ability to read
                  | scrolls when taking damage. [potion of mutation]
 50848 | Zot:5    | Lost mutation: You have hidden genetic potential. [potion
                  | of mutation]
 50848 | Zot:5    | Gained mutation: Your natural rate of healing is unusually
                  | fast. [potion of mutation]
 51050 | Zot:5    | Noticed a golden dragon
 51075 | Zot:5    | Noticed an orb of fire
 51127 | Zot:4    | Killed an orb of fire
 51266 | Zot:5    | Noticed a dread lich
 51267 | Zot:5    | Noticed an orb of fire
 51270 | Zot:5    | Paralysed by something for 7 turns
 51272 | Zot:5    | Gained mutation: Your body sometimes deteriorates upon
                  | taking damage. [an orb of fire]
 51279 | Zot:5    | Gained mutation: You are clumsy. (Dex -2) [an orb of fire]
 51295 | Zot:4    | Paralysed by something for 7 turns
 51539 | Zot:4    | Noticed a curse toe
 51558 | Zot:4    | Killed a curse toe
 51831 | Zot:4    | Killed a dread lich
 52085 | Zot:5    | Noticed a Killer Klown
 52129 | Zot:5    | Killed a Killer Klown
 52262 | Zot:5    | Noticed an ancient lich
 52279 | Zot:5    | Killed an ancient lich
 52335 | Zot:5    | Killed a golden dragon
 52336 | Zot:5    | Noticed a golden dragon
 52342 | Zot:5    | Killed a golden dragon
 52343 | Zot:5    | Noticed a Killer Klown
 52343 | Zot:5    | Noticed a Killer Klown
 52343 | Zot:5    | Noticed a golden dragon
 52353 | Zot:5    | Noticed an orb of fire
 52364 | Zot:5    | Killed a golden dragon
 52377 | Zot:5    | Killed an orb of fire
 52378 | Zot:5    | Reached skill level 25 in Shields
 52389 | Zot:5    | Killed a Killer Klown
 52400 | Zot:5    | Killed a Killer Klown
 52558 | Zot:5    | Noticed an orb of fire
 52818 | Zot:5    | Noticed a Killer Klown
 52827 | Zot:5    | HP: 4/202 [Orb Guardian (20)]
 52828 | Zot:5    | Mangled by a Killer Klown

Illustrated notes

Levels and vault maps discovered:
D:1:      dpeg_arrival_chambers_temple_mockup, layout_basic
D:2:      layout_rooms, serial_glass, glass_columns_b, glass_columns_a,
          hellmonk_ecumenical_altar_dog_temple
D:3:      cheibrodos_helix_gallery, layout_loops_ring, serial_shops,
          nicolae_shop_trees, nicolae_shop_trees,
          nicolae_shop_competitors_out_of_business, nicolae_shop_waterfront,
          nicolae_square_shop
D:4:      layout_basic, mainiacjoe_overflow_surrounded_room,
          mainiacjoe_overflow_cross_hatched, minitemple, serial_shops,
          kennysheep_little_box, minmay_fountain_box
D:5:      layout_rooms, kennysheep_okawaru_gauntlet, serial_shops,
          shop_fountains
D:6:      layout_basic
D:7:      layout_loops_corners, zin_statuary, minmay_temple_entry_arrows,
          gammafunk_ghost_hive
D:8:      layout_loops_corners, lemuel_doored_altar, uniq_maurice
D:9:      layout_roguey, mainiacjoe_overflow_alcove_2,
          grunt_lair_entry_orc_guard_hut, nicolae_stop_n_shop_2,
          kennysheep_just_a_vault, uniq_maggie
D:10:     layout_basic, general_overflow_altar, mainiacjoe_overflow_chevrons,
          serial_shops, shop
D:11:     layout_long_grid, hangedman_abyss_or_decor_lesser_grid,
          lemuel_blue_sif_altar
D:12:     regret_index_harrowing_hell_hive, layout_irregular_city,
          zombieorc2_lemuel, portal_ice_cave_entry_imps,
          eat_drink_and_be_merry_uskayaw, uniq_azrael, uniq_jorgrun,
          uniq_gastronok
D:13:     layout_rooms, serial_shops, nicolae_shop_statue_plus
D:14:     layout_basic, david_vaults_3, corexii_hall_statues_x
D:15:     hangedman_depths_entry_try_elsewhere_first, layout_rooms,
          minmay_crystal_room, minivault_28, uniq_roxanne, uniq_louise
Lair:1:   layout_regular_city, nzn_ghost_randoct, worms_lemuel,
          infiniplex_staircase_pool
Lair:2:   layout_cave_pods, enter_volcano_4, grunt_megastairs_4,
          serial_bayou_shore_a
Lair:3:   mu_elephants_graveyard, layout_gridlike,
          nzn_masters_of_martial_movement
Lair:4:   dreamdust_labyrinth, layout_gridlike, elwin_shoals_entry_rooms,
          minmay_snake_entry_six_corridors, beast_lair_carwin_2,
          grunt_megastairs_2
Lair:5:   layout_misc_corridors, slime_altar_1, uniq_snorg, uniq_urug
Lair:6:   wormcave, layout_cave_shapes, grunt_forest_large_clearing_hut,
          uniq_rupert
Shoals:1: layout_shoals, serial_shops, nicolae_shop_waterfront, shop
Shoals:2: layout_shoals, serial_shops, nicolae_shop_bloodbath_and_beyond,
          nicolae_take_the_stairs, nicolae_shoals_pincushion_passage,
          uniq_ilsuiw
Shoals:3: layout_shoals, nicolae_stop_n_shop_1
Shoals:4: shoals_end_grunt_ice, layout_shoals, shoal_ilsuiw,
          nicolae_shoals_arrival_archipelago
Snake:1:  layout_layer_cave, uniq_kirke, uniq_donald
Snake:2:  layout_misc_corridors, grunt_ministairs_6
Snake:3:  layout_honeycomb, drop_trap, nicolae_snake_springs
Snake:4:  johnstein_snake_rune_scales, layout_cave_town,
          nicolae_snake_herptile_family_reunion, uniq_agnes
Slime:1:  layout_caves, cheibrodos_slime_lost_civilization_4
Slime:2:  layout_caves, cheibrodos_slime_lost_civilization_5
Slime:3:  layout_caves
Slime:4:  layout_caves, nicolae_slime_barrier
Slime:5
Depths:1: minmay_the_grid_octo_triangle [minmay_the_grid_octo_fan_narrow,
          minmay_the_grid_octo_prize_big_c, minmay_the_grid_octo_focus],
          layout_long_grid, yredelemnul_altar_generic, hell_entry,
          ebering_ghost_reflecting_pool, kennysheep_generic_room_7,
          minmay_shop_grove
Depths:2: minmay_shoctagon, layout_gridville, rand_demon_pan_entry_7,
          serial_shops, shop, elyvilon_altar_4, hell_entry,
          minmay_staircase_windowed_large, kennysheep_random_hallway
Depths:3: grunt_x_marks_the_spot, layout_gridville, enter_ziggurat_d,
          hangedman_geh_valley, chequers_serial_rivers_micro_d, abyss_entry,
          kennysheep_pointless_box
Depths:4: evilmike_zot_entry_basic, layout_basic, grunt_mini_vestibule,
          serial_rivers, chequers_serial_rivers_large_b,
          chequers_serial_rivers_micro_b, chequers_serial_rivers_micro_d,
          chequers_serial_rivers_small_3, chequers_jeans
Zot:1:    layout_misc_corridors
Zot:2:    layout_basic, evilmike_ambush [evilmike_ambush_outer_corners,
          evilmike_ambush_inner_cross]
Zot:3:    layout_concentric_octagons
Zot:4:    layout_gridlike
Zot:5:    layout_cellular_growth, gammafunk_ghost_necromancy

Skill      XL: |  1  2  3  4  5  6  7  8  9 10 11 12 13 14 15 16 17 18 19 20 21 |
---------------+----------------------------------------------------------------+-----
Fighting       | 4 5 6 7 8 9 10 11 12 13 14 15 16 17 18 19 20 | 20.6
Axes           | 4 5 6 7 8 9 10 11 12 13 15 16 18 19 20 21 | 21.8
Armour         | 3 4 5 6 7 9 10 11 12 13 14 15 16 18 19 20 | 20.4
Dodging        | 3 4 5 6 7 8 9 10 11 12 13 14 15 16 17 | 17.5
Shields        | 1 3 6 8 10 12 14 16 17 18 19 21 22 23 24 25 | 25.3
Evocations     | 4 7 9 10 | 10.0

Action                   |  1- 3 |  4- 6 |  7- 9 | 10-12 | 13-15 | 16-18 | 19-21 || total
-------------------------+-------+-------+-------+-------+-------+-------+-------++-------
Melee: Hand axe          |    77 |    95 |     9 |       |       |       |       ||   181
       Headbutt          |    13 |    23 |    51 |    99 |   269 |   370 |   364 ||  1189
       Punch             |     2 |     1 |       |       |       |       |       ||     3
       War axe           |       |       |   230 |   267 |       |       |       ||   497
       Broad axe         |       |       |       |   246 |  1127 |  1322 |  1289 ||  3984
Throw: Dart              |       |       |       |     1 |     8 |       |       ||     9
       Javelin           |       |       |       |       |     6 |     5 |     5 ||    16
       Throwing net      |       |       |       |       |     1 |       |       ||     1
Invok: Berserk           |     2 |     3 |     5 |    16 |    21 |    29 |    41 ||   117
       Trog's Hand       |       |       |       |       |     1 |       |     7 ||     8
       Brothers in Arms  |       |       |       |       |       |     4 |       ||     4
Evoke: Wand              |       |       |       |       |       |    19 |    15 ||    34
       Tin of tremorston |       |       |       |       |       |     7 |     2 ||     9
  Use: Scroll            |       |       |       |    17 |    17 |    18 |    13 ||    65
       Potion            |       |       |       |       |     3 |    10 |    22 ||    35
 Stab: Invisible         |       |       |       |       |       |       |     1 ||     1
Armor: Chain mail        |    43 |    37 |       |       |       |       |       ||    80
       Animal skin       |     4 |       |       |       |       |       |       ||     4
       Plate armour      |       |     3 |   128 |   131 |   700 |   314 |   260 ||  1536
       Swamp dragon scal |       |       |       |   182 |     6 |       |       ||   188
       Skin              |       |       |       |       |       |       |    35 ||    35
       Gold dragon scale |       |       |       |       |       |       |   196 ||   196
Dodge: Dodged            |    32 |    46 |    65 |   329 |   531 |   376 |   475 ||  1854
Block: Kite shield       |       |     1 |   132 |   372 |   865 |       |       ||  1370
       Tower shield      |       |       |       |       |   170 |  1662 |  1459 ||  3291
